← All builds
Front / Armada / Economy first / OBSERVED BUILD

Stout rush

Front skips early economy expansion to push Stout tanks out of the Vehicle Plant by 4:38, reaching a real Stout push around 7:00 to fight forward at middle before falling back on a delayed Bot Lab and mex.

#rush #push · 24 distinct matches · 12 players · 2% of Armada Front games · team won 33% of 24 · Recently observed

THE CATCH, AND WHAT COMES WITH IT
  • StoutT1 vehicle assault from 4:46 · 8% of role by thenFrom the Vehicle Plant. Only 8% of Front games have it by then; others who build it get it around 7:50
  • StoutStout in 79%2% of all Front games by then
  • ShellshockerArty in 50%11% of all Front games by then

Where those units first fight, in 24 games with kill data: in the middle 100%.

Those units destroy a typical 1,119 metal of enemy units by 15:00.

Then transitions into blitz (11% of army), janus (9% of army).

HOW TO PLAY IT

Key timing: Stout push by 4:38

  1. Open Vehicle Plant fast, then mex and solar as usual.
  2. Add Shellshocker artillery to back the coming push.
  3. Commit to Stout-led T1 vehicle assault at middle.
  4. Keep Stout flowing as the main force at front.
  5. Bring Bot Lab online as the push transitions.

Phase by phase

TYPICAL OF ITS 24 GAMES · AGAINST STANDARD FRONT
  1. 1
  2. 2
  3. 3
PLAY THE OPENING

Follow the example game's first 6:00 step by step: what to build now, what comes next, and where it goes. At 1× it keeps pace with your own game.

  1. 1

    Up to the Vehicle Plant

    Economy
    • Metal Extractor2Mex
    Order
    1. Vehicle PlantVehicle Plant after 2 mexdone ~0:42, middle half 0:35–0:48

    Some games also: wind (46%)

    By 0:23 in all: 2 mex

    The example game in this phase · 1 step
    1. Vehicle PlantVehicle Plantdone 0:22 · typical 0:42
  2. 2

    Vehicle Plant to T1 vehicle assault

    Economy
    • Metal Extractor5Mex
    • Wind Turbine3Wind
    Order
    1. StoutT1 vehicle assault after 6 mex, 3 wind
    Builders
    • Construction Vehicle2 Con vehicle
    Army
    • Sentry2 Sentry
    • Janus3 Janus
    • Rover3 Scout +2 vs standard
    • Blitz2 Blitz +2 vs standard

    Some games also: arty (38%) · con turret (33%)

    By 4:36 in all: 6 mex · 3 wind (standard 5)

    The example game in this phase · 17 steps
    1. RoverScout
    2. Solar
    3. RoverScout
    4. Construction VehicleCon vehicle
    5. Mex ×3
    6. Construction VehicleCon vehicle
    7. BlitzBlitz
    8. Mex
    9. BlitzBlitz ×3
    10. Mex
    11. BlitzBlitz ×3
    12. Mex
    13. BlitzBlitz
    14. JanusJanus ×2
    15. SentrySentry
    16. JanusJanus ×2
    17. StoutStoutdone 3:52
  3. 3

    T1 vehicle assault to 10:00

    Economy
    • Metal Extractor1Mex
    • Wind Turbine14Wind−5 vs standard
    • Energy Storage1Energy storage
    Builders
    • Construction Turret2 Con turret
    • Construction Vehicle2 Con vehicle +2 vs standard
    Army
    • Sentry1 Sentry
    • Stout10 Stout +10 vs standard

    Some games also: converter (50%) · Radar Tower (42%) · Dragon's Teeth (42%) · scout (33%) · solar (33%)

    The standard build makes here, this one skips: 5 blitz

    By 10:00 in all: 8 mex · 22 wind · 1 energy storage · 2 con turret

    The example game in this phase · 132 steps
    1. WhistlerMissile truck
    2. Construction VehicleCon vehicle
    3. StoutStout
    4. Dragon's TeethDragon's Teeth
    5. StoutStout
    6. Dragon's TeethDragon's Teeth ×3
    7. StoutStout
    8. Dragon's TeethDragon's Teeth
    9. Solar
    10. StoutStout
    11. Con turret
    12. StoutStout
    13. Wind
    14. StoutStout
    15. Wind ×2
    16. StoutStout
    17. Wind ×2
    18. StoutStout
    19. Wind
    20. BlitzBlitz
    21. Wind
    22. BlitzBlitz
    23. Wind
    24. Mex
    25. Con turret
    26. BlitzBlitz ×2
    27. Con turret
    28. BlitzBlitz ×3
    29. Energy storage
    30. BlitzBlitz
    31. Wind
    32. Advanced Metal ExtractorT2 mexdone 7:45 · typical 9:48
    33. BlitzBlitz
    34. Wind
    35. BlitzBlitz
    36. Wind
    37. BlitzBlitz
    38. Wind ×3
    39. BlitzBlitz
    40. Wind
    41. BlitzBlitz
    42. Wind
    43. BlitzBlitz
    44. Wind
    45. Advanced Metal ExtractorT2 mex
    46. BlitzBlitz
    47. Wind
    48. Con turret
    49. StoutStout
    50. Wind
    51. StoutStout
    52. Wind
    53. StoutStout
    54. Wind
    55. Advanced Metal ExtractorT2 mex
    56. StoutStout
    57. Wind
    58. Construction VehicleCon vehicle ×2
    59. Wind ×2
    60. StoutStout
    61. Wind
    62. StoutStout
    63. Wind
    64. StoutStout ×2
    65. Advanced Metal ExtractorT2 mex
    66. Wind
    67. StoutStout
    68. Wind ×2
    69. StoutStout
    70. Wind
    71. StoutStout
    72. Wind
    73. StoutStout
    74. Wind
    75. StoutStout
    76. Wind ×2
    77. StoutStout
    78. Wind
    79. StoutStout
    80. Wind
    81. StoutStout
    82. Wind
    83. BlitzBlitz
    84. Wind
    85. BlitzBlitz ×2
    86. Wind
    87. BlitzBlitz
    88. Wind
    89. BlitzBlitz
    90. Wind
    91. RattlesnakeRattlesnakedone 12:55
    92. StoutStout ×7
    93. JanusJanus ×2
    94. Radar TowerRadar Tower
    95. StoutStout
    96. Dragon's TeethDragon's Teeth ×2
    97. StoutStout
    98. Dragon's TeethDragon's Teeth
    99. StoutStout
    100. Dragon's TeethDragon's Teeth ×3
    101. StoutStout
    102. Dragon's TeethDragon's Teeth ×3
    103. StoutStout
    104. Dragon's TeethDragon's Teeth ×2
    105. StoutStout
    106. Dragon's TeethDragon's Teeth
    107. Converter
    108. StoutStout
    109. Converter
    110. StoutStout
    111. Converter
    112. StoutStout
    113. Con turret
    114. Converter
    115. StoutStout
    116. Converter
    117. Wind
    118. StoutStout
    119. Wind
    120. Converter
    121. Wind
    122. StoutStout
    123. Wind
    124. StoutStout
    125. Wind
    126. Converter
    127. StoutStout
    128. Wind
    129. StoutStout
    130. Converter
    131. StoutStout
    132. Wind

Counts are medians over the build's games: half of them build more, half fewer. The example game is Immort's (57 OS, 18/08/2026); pick another.

Team trades

IN AT LEAST 30% OF ITS GAMES

You hand over

Nothing regular.

You get

  • Tidal Generator4 Tidal from Pondfirst at 0:15 · in 67% of games
  • Advanced Construction Bot1 T2 con bot from Geo or Techfirst at 7:20 · in 63% of games

How it plays out

Typical game of this build against the role’s standard build, running totals by minute

  • This build
  • Standard front

Metal produced

010k20k30k
0:005:0010:0015:00

metal

Enemy metal destroyed

05k10k
0:005:0010:0015:00

metal

Own metal lost

05k10k
0:005:0010:0015:00

metal

24 games.

Show as table
ByMetal produced: This buildMetal produced: Standard frontEnemy metal destroyed: This buildEnemy metal destroyed: Standard frontOwn metal lost: This buildOwn metal lost: Standard front
1:003323330000
2:0082284537213131
3:001659162516714173105
4:0027472713556541322333
5:003867386812021197694816
6:00507250781893212112181524
7:00622563392522301219942448
8:00754176673130387727133357
9:00892491183714466933014311
10:0010564106963973534244365050
11:0012312126474700583955305699
12:0015023148665299639758056527
13:0018132174635674701363847244
14:0021445201846608762967278090
15:0023382226777727839781958941
WHAT THE NUMBERS SAY

Won far less often than the standard build, destroying and losing less enemy metal at every checkpoint.

  • + Loses less metal by 15:00 (7853 vs 8949)
  • + Loses less metal early by 5:00 (705 vs 849)
  • − Destroys much less enemy metal by 15:00 (6187 vs 8347)
  • − Team win rate falls to 32% vs standard's 61%
THE EXAMPLE YOU ARE READING

Immort

56.7 OS · 18/08/2026

Open source match ↗

9 received units · includes a constructor
212 metal received · 16854 energy received

Allied construction assistance is unknown. Timings are observations, not a promise of solo reproducibility.

Typical milestones

Vehicle Plant0:42Middle 50%: 0:35–0:48 · n=24
Advanced Metal Extractor9:48Middle 50%: 8:06–10:23 · n=20
Bot Lab11:32Middle 50%: 10:29–13:43 · n=13

Played most by

CentientWaffle7games of this buildImmort6games of this buildKcorp2games of this buildDeathkebab1game of this buildGodmother131game of this build